 Dungeon Crawl Stone Soup version 0.14-a0-1403-g5d3c58f (webtiles) character file.

85 July the Magician (level 3, -3/16 HPs)
             Began as a Spriggan Enchanter on Dec 10, 2013.
             Slain by an adder (4 damage)
             ... while paralysed by a potion of paralysis
             ... on Level 2 of the Dungeon.
             The game lasted 00:08:07 (2610 turns).

July the Magician (Spriggan Enchanter)              Turns: 2610, Time: 00:08:07

HP  -3/16        AC  3     Str  5      XL: 3   Next: 23%
MP  12/12        EV  4     Int 16      God:
Gold 48          SH  0     Dex 16      Spells:  1 memorised, 10 levels left

rFire  . . .     SeeInvis +     a - +1 dagger
rCold  . . .     Clarity  .     b - +1 robe
rNeg   . . .     Conserve .     (shield restricted)
rPois  .         rCorr    .     (helmet restricted)
rElec  .         rRot     .     (no cloak)
SustAb . .       Spirit   .     (gloves unavailable)
rMut   .         Warding  .     (boots unavailable)
Saprov . . .     Stasis   .     (no amulet)
                                (no ring)
                                (no ring)

@: paralysed, mildly poisoned, very quick, slightly resistant to hostile
enchantments, stealthy
A: unfitting armour, see invisible, herbivore 3, speed 3, slow metabolism 2
a: no special abilities


You were on level 2 of the Dungeon.
You were not hungry.

You visited 1 branch of the dungeon, and saw 2 of its levels.

You collected 48 gold pieces.

Inventory:

Hand weapons
 a - a +1,+1 dagger (weapon)
 j - a +2,+0 elven short sword
 k - a +0,+0 dagger
 o - a +2,+0 short sword
 r - a +1,+0 short sword
 x - a +0,+0 dagger
Missiles
 d - 16 darts (quivered)
Armour
 b - a +1 robe (worn)
 q - a +0 robe
 w - a +0 robe
Scrolls
 i - a scroll of enchant armour {unknown}
 l - 2 scrolls of noise {unknown}
 m - 4 scrolls of identify {unknown}
 n - 2 scrolls of enchant weapon I {unknown}
 s - a scroll of blinking {unknown}
 u - a scroll of teleportation {unknown}
Potions
 e - a potion of porridge
 f - 4 potions of paralysis
 g - a potion of might {unknown}
 h - a potion of speed {unknown}
 p - a potion of brilliance {unknown}
 t - a potion of curing {unknown}
 v - a potion of heal wounds {unknown}
Books
 c - a book of Maledictions

   Spells                             Type                      Level
   *Corona                            Hexes                        1
   Sure Blade                         Hexes/Charms                 2
   Ensorcelled Hibernation            Hexes/Ice                    2
   Confuse                            Hexes                        3
   Enslavement                        Hexes                        4
   Invisibility                       Hexes                        6


   Skills:
 - Level 1.1 Short Blades
 - Level 1.1 Throwing
 - Level 3.0 Dodging
 - Level 3.0 Stealth
 + Level 4.6 Spellcasting
 - Level 3.6 Hexes


You had 10 spell levels left.
You knew the following spells:

 Your Spells              Type           Power        Failure   Level  Hunger
a - Corona                Hex            ###....      4%          1    None


Dungeon Overview and Level Annotations

Branches:
Dungeon (2/16)

Altars:


Innate Abilities, Weirdness & Mutations

You are tiny and cannot use many weapons and most armour.
You have supernaturally acute eyesight.
You are a herbivore.
You cover ground extremely quickly.
You need consume almost no food.


Message History

Found a dagger.
The adder closely misses you.
There is an open door here.
A green rat comes into view.
* * * LOW HITPOINT WARNING * * *
You feel sick.
You see here a dagger.
x - a dagger
* * * LOW HITPOINT WARNING * * *
You feel sick. The adder closely misses you. The adder bites you.
* * * LOW HITPOINT WARNING * * *
There is an open door here.
* * * LOW HITPOINT WARNING * * *
You feel sick.
Drink which item? (? for menu, Esc to quit)
You suddenly lose the ability to move!
It was a potion of paralysis.
The adder bites you but does no damage. The adder bites you.
You die...

#........#
♣♣.P.♣..P♣♣
#.##+##..#
♣..PP♣P...♣
#.#...#..#
P♣P..♣♣....
#['...+..#
.r♣.♣..♣..♣..
#.#...#..#
.....P..♣..S
#.##'##..#..♣.♣♣.P ♣
#.............♣♣♣♣r
#.##.##.###...P♣♣..P
#.##....@.......P♣.
#.#####.#S##+#PP.♣
#.#####.#.#...#
#.......#.'...+
#########)#...#
#.##+## #.. ##. ##


You could see an adder.

Vanquished Creatures
  A giant cockroach (D:1)
  5 goblins
  10 hobgoblins
  3 jackals (D:1)
  4 kobolds (D:2)
  A quokka (D:2)
  6 bats
  A giant newt (D:2)
  2 rats
33 creatures vanquished.

Notes
Turn   | Place    | Note
--------------------------------------------------------------
     0 | D:1      | July, the Spriggan Enchanter, began the quest for the Orb.
     0 | D:1      | Reached XP level 1. HP: 9/9 MP: 4/4
   138 | D:1      | Reached XP level 2. HP: 13/13 MP: 8/8
   435 | D:2      | Reached skill level 4 in Spellcasting
  1436 | D:1      | Reached XP level 3. HP: 4/16 MP: 12/12
  2609 | D:2      | Paralysed by a potion of paralysis for 6 turns
  2610 | D:2      | Slain by an adder

Action                   || total
-------------------------++-------
Melee: Dagger            ||   164
Throw: Dart              ||     2
  Use: Potion            ||     1
 Stab: Sleeping          ||     2
